Sewer Rats vs Blackdemons (R1)

Created - 26 janvier 2015 at 19:33

Goals
1 2 3 T
Sewer Rats 0 2 1 3
Blackdemons 0 1 0 1
Shots
1 2 3 T
Sewer Rats 6 15 13 34
Blackdemons 15 13 6 34

1st period

No Goal

Penalties :
Steven Reinprecht (Tol) for Hooking (Minor) at 11:46, Luca Caputi (MJM) for Hooking (Minor) at 13:59

2nd period

1. Blackdemons , Sam Gagner 13 (Michael Haley, Nate Prosser) at 0:10
2. Sewer Rats , Nick Palmieri 28 (Mike Funk, Brandon Sutter) at 7:33 (PP)
3. Sewer Rats , Vojtech Polak 18 (Nick Palmieri) at 10:03 (PP)

Penalties :
Mathieu Dandenault (MJM) for Tripping (Minor) at 2:21, Nate Prosser (MJM) for Slashing (Minor) at 6:15, Nate Prosser (MJM) for Hooking (Minor) at 9:24, Ville Leino (Tol) for Hooking (Minor) at 16:35, Michael Haley (MJM) for Tripping (Minor) at 16:43, Nate Prosser (MJM) for Boarding (Minor) at 19:59

3rd period

4. Sewer Rats , Vojtech Polak 19 (Brandon Sutter) at 14:56

Penalties :
Matt Hunwick (MJM) for Interference (Minor) at 2:38, Lars Eller (Tol) for Hooking (Minor) at 9:37, Nate Prosser (MJM) for Hooking (Minor) at 19:15

Goalie Stats

Jhonas Enroth (Tol), 33 saves from 34 shots - (0,971), W, 14-8-0, 60:00 minutes
Martin Biron (MJM), 31 saves from 34 shots - (0,912), L, 33-7-2, 60:00 minutes

Players Stats for Sewer Rats

Player Name              G  A  P  +/- PIM S  H  SB GA TA FO     MP     PP MP  PK MP  
------------------------------------------------------------------------------------
Brandon Sutter           0  2  2   1  0   1  0  1  0  0  8/14   16:44   4:36   0:58 
Chad Denny               0  0  0   0  0   1  2  5  0  2  0/0    14:22   2:51   1:02 
Derek Dorsett            0  0  0   0  0   0  2  1  1  0  0/0    13:15   0:18   0:00 
Evan Brophey             0  0  0   0  0   0  0  0  0  0  0/0     2:15   0:21   0:43 
John Lammers             0  0  0   0  0   1  0  0  0  0  1/1    12:54   0:03   0:26 
Jordan Caron             0  0  0   0  0   2  0  0  0  0  1/1     7:53   0:03   0:46 
Kyle Quincey             0  0  0  -1  0   3  2  3  0  1  0/0    31:04   5:19   1:25 
Kyle Turris              0  0  0   0  0   2  0  0  0  0  1/4    13:00   0:18   0:00 
Lars Eller               0  0  0   0  2   2  1  0  0  0  1/1     7:13   0:00   0:18 
Mark Mancari             0  0  0  -1  0   3  3  0  0  0  1/2    20:23   5:57   0:20 
Mattias Ekholm           0  0  0   1  0   3  0  0  0  0  0/0    18:26   2:15   0:42 
Mike Funk                0  1  1   1  0   0  0  2  0  2  0/0    25:44   4:37   1:55 
Nick Palmieri            1  1  2   1  0   6  1  0  1  1  0/0    14:51   4:37   0:00 
Patrick Bordeleau        0  0  0   0  0   2  2  0  0  0  1/2     6:42   0:00   0:00 
Ryan Maki                0  0  0   0  0   0  0  0  0  0  0/0     0:00   0:00   0:00 
Steven Kampfer           0  0  0  -1  0   2  2  1  0  0  0/0    26:48   5:50   2:22 
Steven Reinprecht        0  0  0  -1  2   0  0  1  1  0  17/37  23:05   6:08   1:29 
Tom Sestito              0  0  0   0  0   0  0  0  0  0  0/0     0:10   0:00   0:10 
Ville Leino              0  0  0  -1  2   4  2  2  1  2  1/2    22:39   5:55   2:19 
Vojtech Polak            2  0  2   1  0   2  2  0  0  0  0/0    16:32   4:37   1:29 

Players Stats for Blackdemons

Player Name              G  A  P  +/- PIM S  H  SB GA TA FO     MP     PP MP  PK MP  
------------------------------------------------------------------------------------
Alyn McCauley            0  0  0  -1  0   0  1  0  0  0  0/0    14:47   0:46   3:29 
Andrew MacDonald         0  0  0   0  0   0  1  0  0  0  0/0    15:15   0:00   2:30 
Brendon Nash             0  0  0   0  0   2  2  2  0  0  0/0    20:35   1:37   5:05 
Enver Lisin              0  0  0   1  0   6  0  1  2  0  4/4    22:58   2:27   5:43 
Jakub Kindl              0  0  0   0  0   0  1  0  0  1  0/0    13:49   0:00   0:46 
Luca Caputi              0  0  0   0  2   0  0  0  0  0  0/0     7:33   0:11   0:00 
Mathieu Dandenault       0  0  0   0  2   0  2  0  0  0  1/1    16:53   1:39   2:23 
Matt Calvert             0  0  0  -1  0   1  0  0  0  0  0/1    11:40   0:00   1:37 
Matt Hunwick             0  0  0   0  2   5  0  2  2  2  0/0    19:03   1:37   3:33 
Michael Haley            0  1  1   1  2   2  3  0  1  0  1/1    17:26   2:15   1:35 
Michael Kostka           0  0  0   0  0   2  1  1  1  1  0/0    27:09   2:29   6:09 
Nate Prosser             0  1  1   0  8   2  3  0  1  0  0/0    24:14   2:29   3:27 
Sam Gagner               1  0  1   1  0   5  0  1  0  0  14/24  14:48   0:38   0:20 
Scott Timmins            0  0  0   0  0   0  0  0  0  0  0/1     9:01   0:36   1:06 
Shawn Matthias           0  0  0   0  0   1  1  1  1  0  8/13   13:14   0:45   0:00 
Steven Zalewski          0  0  0   0  0   2  1  0  0  0  1/4     7:16   0:00   0:00 
Wayne Primeau            0  0  0  -1  0   5  1  1  0  0  3/14   17:46   1:21   5:17 
Zach Boychuk             0  0  0   0  0   1  2  1  0  0  0/1    13:49   1:39   0:00 

3 Stars

1 - Vojtech Polak (Tol)
2 - Jhonas Enroth (Tol)
3 - Nick Palmieri (Tol)

Power Play

Sewer Rats - 2 on 8 Attempt(s) - 25,00%
Blackdemons - 0 on 3 Attempt(s) - 0,00%

Penalty Kill

Sewer Rats - 3 on 3 Attempt(s) - 100,00% - Score 0 goal in Penalty Kill
Blackdemons - 6 on 8 Attempt(s) - 75,00% - Score 0 goal in Penalty Kill

Team Stat

Sewer Rats - Hits : 19 - Faceoff Wins : 32 - Blocked Shots : 16 - Penalty Minutes : 6
Blackdemons - Hits : 19 - Faceoff Wins : 32 - Blocked Shots : 10 - Penalty Minutes : 16

Official

Referees : Peel Tim and Fraser Kerry
Linesman : Scott Cherrey and Lyle Seitz

Game Notes

Chad Denny is injured at 18:54 of 2nd period (Sprained Right Knee)

Finance

Level 1 -- Attendance: 1414 (70,70%) -- Ticket Income 42 420 $
Level 2 -- Attendance: 805 (80,50%) -- Ticket Income 8 050 $
Total Attendance: 2219 (73,97%)
Total Ticket Income: 50 470 $
Other Income: 2 524 $
Total Income: 52 994 $

Sewer Rats

5 vs 5 Forward 
   Center                   Left Wing                Right Wing               Time % Phy DF OF 
 1 Steven Reinprecht        Ville Leino              Mark Mancari             40     1   2  2  
 2 Brandon Sutter           Vojtech Polak            Nick Palmieri            30     1   2  2  
 3 Kyle Turris              John Lammers             Derek Dorsett            20     1   2  2  
 4 Lars Eller               Patrick Bordeleau        Jordan Caron             10     1   2  2  

5 vs 5 Defense 
   Defense                  Defense                                           Time % Phy DF OF 
 1 Kyle Quincey             Steven Kampfer                                    40     1   2  2  
 2 Mike Funk                Chad Denny                                        30     1   2  2  
 3 Mattias Ekholm           Kyle Quincey                                      20     1   2  2  
 4 Steven Kampfer           Mike Funk                                         10     1   2  2  

PowerPlay Forward 
   Center                   Left Wing                Right Wing               Time % Phy DF OF 
 1 Steven Reinprecht        Ville Leino              Mark Mancari             60     1   2  2  
 2 Brandon Sutter           Vojtech Polak            Nick Palmieri            40     1   2  2  

PowerPlay Defense
   Defense                  Defense                                           Time % Phy DF OF 
 1 Kyle Quincey             Steven Kampfer                                    60     1   2  2  
 2 Mike Funk                Chad Denny                                        40     1   2  2  

Penalty Kill 4 Players Forward 
   Center                   Wing                     Time % Phy DF OF 
 1 Steven Reinprecht        Ville Leino              60     1   2  2  
 2 Mark Mancari             Vojtech Polak            40     1   2  2  

Penalty Kill 4 Players Defense
   Defense                  Defense                  Time % Phy DF OF 
 1 Kyle Quincey             Steven Kampfer           60     1   2  2  
 2 Mike Funk                Chad Denny               40     1   2  2  

Penalty Kill - 3 Players Forward 
   Forward                                           Time % Phy DF OF 
 1 Steven Reinprecht                                 60     1   2  2  
 2 Ville Leino                                       40     1   2  2  

Penalty Kill - 3 Players Defense
   Defense                  Defense                  Time % Phy DF OF 
 1 Kyle Quincey             Steven Kampfer           60     1   2  2  
 2 Mike Funk                Chad Denny               40     1   2  2  

4 vs 4 Forward 
   Center                   Wing                     Time % Phy DF OF 
 1 Steven Reinprecht        Ville Leino              60     1   2  2  
 2 Mark Mancari             Vojtech Polak            40     1   2  2  

4 vs 4 Defense
   Defense                  Defense                  Time % Phy DF OF 
 1 Kyle Quincey             Steven Kampfer           60     1   2  2  
 2 Mike Funk                Chad Denny               40     1   2  2  

Last Minutes Offensive
   Center                   Left Wing                Right Wing               Defense                  Defense                  
   Steven Reinprecht        Ville Leino              Mark Mancari             Kyle Quincey             Steven Kampfer           

Last Minutes Defensive
   Center                   Left Wing                Right Wing               Defense                  Defense                  
   Steven Reinprecht        Ville Leino              Mark Mancari             Kyle Quincey             Steven Kampfer           

Goaltenders
Starting : Jhonas Enroth            
Backup : Semyon Varlamov          

Extra Forwards
Normal : Derek Dorsett, Kyle Turris, John Lammers - PP : Derek Dorsett, Kyle Turris - PK : John Lammers
Extra Defensemen
Normal : Mattias Ekholm, Chad Denny, Kyle Quincey - PP : Mattias Ekholm - PK : Chad Denny, Kyle Quincey
Penalty Shots
Steven Reinprecht, Ville Leino, Mark Mancari, Vojtech Polak, Nick Palmieri

Blackdemons

5 vs 5 Forward 
   Center                   Left Wing                Right Wing               Time % Phy DF OF 
 1 Sam Gagner               Michael Haley            Enver Lisin              40     1   2  2  
 2 Shawn Matthias           Zach Boychuk             Mathieu Dandenault       30     1   2  2  
 3 Wayne Primeau            Matt Calvert             Alyn McCauley            20     1   2  2  
 4 Steven Zalewski          Luca Caputi              Scott Timmins            10     1   2  2  

5 vs 5 Defense 
   Defense                  Defense                                           Time % Phy DF OF 
 1 Nate Prosser             Michael Kostka                                    40     1   2  2  
 2 Brendon Nash             Matt Hunwick                                      30     1   2  2  
 3 Jakub Kindl              Andrew MacDonald                                  20     1   2  2  
 4 Nate Prosser             Michael Kostka                                    10     1   2  2  

PowerPlay Forward 
   Center                   Left Wing                Right Wing               Time % Phy DF OF 
 1 Wayne Primeau            Michael Haley            Enver Lisin              60     1   2  2  
 2 Alyn McCauley            Zach Boychuk             Mathieu Dandenault       40     1   2  2  

PowerPlay Defense
   Defense                  Defense                                           Time % Phy DF OF 
 1 Nate Prosser             Michael Kostka                                    60     1   2  2  
 2 Brendon Nash             Matt Hunwick                                      40     1   2  2  

Penalty Kill 4 Players Forward 
   Center                   Wing                     Time % Phy DF OF 
 1 Wayne Primeau            Enver Lisin              60     1   2  2  
 2 Mathieu Dandenault       Alyn McCauley            40     1   2  2  

Penalty Kill 4 Players Defense
   Defense                  Defense                  Time % Phy DF OF 
 1 Nate Prosser             Michael Kostka           60     1   2  2  
 2 Brendon Nash             Matt Hunwick             40     1   2  2  

Penalty Kill - 3 Players Forward 
   Forward                                           Time % Phy DF OF 
 1 Wayne Primeau                                     60     1   2  2  
 2 Enver Lisin                                       40     1   2  2  

Penalty Kill - 3 Players Defense
   Defense                  Defense                  Time % Phy DF OF 
 1 Nate Prosser             Michael Kostka           60     1   2  2  
 2 Brendon Nash             Matt Hunwick             40     1   2  2  

4 vs 4 Forward 
   Center                   Wing                     Time % Phy DF OF 
 1 Wayne Primeau            Enver Lisin              60     1   2  2  
 2 Mathieu Dandenault       Alyn McCauley            40     1   2  2  

4 vs 4 Defense
   Defense                  Defense                  Time % Phy DF OF 
 1 Nate Prosser             Michael Kostka           60     1   2  2  
 2 Brendon Nash             Matt Hunwick             40     1   2  2  

Last Minutes Offensive
   Center                   Left Wing                Right Wing               Defense                  Defense                  
   Wayne Primeau            Michael Haley            Enver Lisin              Nate Prosser             Michael Kostka           

Last Minutes Defensive
   Center                   Left Wing                Right Wing               Defense                  Defense                  
   Wayne Primeau            Michael Haley            Enver Lisin              Nate Prosser             Michael Kostka           

Goaltenders
Starting : Martin Biron             
Backup : Matt Hackett             

Extra Forwards
Normal : Shawn Matthias, Sam Gagner, Matt Calvert - PP : Shawn Matthias, Sam Gagner - PK : Matt Calvert
Extra Defensemen
Normal : Jakub Kindl, Andrew MacDonald, Brendon Nash - PP : Jakub Kindl - PK : Andrew MacDonald, Brendon Nash
Penalty Shots
Wayne Primeau, Enver Lisin, Mathieu Dandenault, Alyn McCauley, Shawn Matthias

% Time on Ice - Sewer Rats

Lines # - Real PCT - Wanted PCT - Time Play
Normal Forward
1 - 33% - 40% - 14:29
2 - 24% - 30% - 10:34
3 - 27% - 20% - 11:33
4 - 15% - 10% - 6:42
Normal Defense
1 - 34% - 40% - 14:33
2 - 40% - 30% - 17:07
3 - 20% - 20% - 8:37
4 - 7% - 10% - 3:01
PP Forward
1 - 57% - 60% - 6:08
2 - 43% - 40% - 4:37
PP Defense
1 - 57% - 60% - 6:08
2 - 43% - 40% - 4:37
PK Forward
1 - 92% - 60% - 3:46
2 - 8% - 40% - 0:20
PK Defense
1 - 32% - 60% - 1:18
2 - 68% - 40% - 2:48
PK3 Forward
1 - 0% - 60%
2 - 0% - 40%
PK3 Defense
1 - 0% - 60%
2 - 0% - 40%
44 Forward
1 - 100% - 60% - 1:51
2 - 0% - 40% - 0:00
44 Defense
1 - 54% - 60% - 1:00
2 - 46% - 40% - 0:51
Last Minute Offensive  - 0:00
Last Minute Defensive  - 0:00
Total
Forward - 60:00
Defense - 60:00

% Time on Ice - Blackdemons

Lines # - Real PCT - Wanted PCT - Time Play
Normal Forward
1 - 31% - 40% - 13:38
2 - 29% - 30% - 12:34
3 - 23% - 20% - 9:50
4 - 17% - 10% - 7:16
Normal Defense
1 - 38% - 40% - 16:29
2 - 30% - 30% - 12:52
3 - 29% - 20% - 12:45
4 - 3% - 10% - 1:12
PP Forward
1 - 60% - 60% - 2:27
2 - 40% - 40% - 1:39
PP Defense
1 - 61% - 60% - 2:29
2 - 39% - 40% - 1:37
PK Forward
1 - 69% - 60% - 7:28
2 - 31% - 40% - 3:17
PK Defense
1 - 59% - 60% - 6:23
2 - 41% - 40% - 4:22
PK3 Forward
1 - 0% - 60%
2 - 0% - 40%
PK3 Defense
1 - 0% - 60%
2 - 0% - 40%
44 Forward
1 - 72% - 60% - 1:20
2 - 28% - 40% - 0:31
44 Defense
1 - 45% - 60% - 0:50
2 - 55% - 40% - 1:01
Last Minute Offensive  - 0:00
Last Minute Defensive  - 0:00
Total
Forward - 60:00
Defense - 60:00

Play by Play

1st period


0:01 of 1st period - Steven Reinprecht wins face-off versus Sam Gagner in neutral zone.
0:25 of 1st period - Ville Leino is hit by Alyn McCauley and loses puck.
0:56 of 1st period - Snap shot by Nick Palmieri.
0:56 of 1st period - Shot Blocked by Matt Hunwick.
1:27 of 1st period - Jakub Kindl is hit by Lars Eller and loses puck.
1:37 of 1st period - Off-side.
1:38 of 1st period - Brandon Sutter wins face-off versus Zach Boychuk in neutral zone.
1:44 of 1st period - Icing by Nate Prosser.
1:45 of 1st period - Brandon Sutter wins face-off versus Shawn Matthias in Blackdemons zone.
1:48 of 1st period - Wrist shot by Nick Palmieri.
1:48 of 1st period - Shot Blocked by Michael Kostka.
2:09 of 1st period - Mathieu Dandenault is hit by Vojtech Polak and loses puck.
2:38 of 1st period - Snap shot by Nick Palmieri.
2:38 of 1st period - Stopped by Martin Biron with a rebound.
2:40 of 1st period - Wrist shot by Nick Palmieri.
2:40 of 1st period - Stopped by Martin Biron without a rebound.
2:41 of 1st period - Steven Reinprecht wins face-off versus Sam Gagner in Blackdemons zone.
3:28 of 1st period - Wrist shot by Steven Zalewski.
3:28 of 1st period - Stopped by Jhonas Enroth with a rebound.
3:48 of 1st period - Wrist shot by Sam Gagner.
3:48 of 1st period - Stopped by Jhonas Enroth without a rebound.
3:49 of 1st period - Enver Lisin wins face-off versus Steven Reinprecht in Sewer Rats zone.
3:56 of 1st period - Slapshot by Enver Lisin.
3:56 of 1st period - Shot Misses the Net.
3:58 of 1st period - Wrist shot by Enver Lisin.
3:58 of 1st period - Stopped by Jhonas Enroth without a rebound.
3:59 of 1st period - Steven Reinprecht wins face-off versus Sam Gagner in Sewer Rats zone.
4:12 of 1st period - Wrist shot by Sam Gagner.
4:12 of 1st period - Stopped by Jhonas Enroth with a rebound.
4:30 of 1st period - Slapshot by Nate Prosser.
4:30 of 1st period - Stopped by Jhonas Enroth with a rebound.
5:13 of 1st period - Slapshot by Matt Hunwick.
5:13 of 1st period - Deflect By Kyle Quincey.
5:13 of 1st period - Stopped by Jhonas Enroth with a rebound.
5:46 of 1st period - Icing by Mattias Ekholm.
5:47 of 1st period - Kyle Turris wins face-off versus Matt Calvert in Sewer Rats zone.
5:52 of 1st period - Slapshot by Kyle Quincey.
5:52 of 1st period - Shot Blocked by Wayne Primeau.
5:58 of 1st period - Slapshot by Alyn McCauley.
5:58 of 1st period - Shot Misses the Net.
6:00 of 1st period - Wrist shot by Wayne Primeau.
6:00 of 1st period - Stopped by Jhonas Enroth with a rebound.
6:02 of 1st period - Wrist shot by Wayne Primeau.
6:02 of 1st period - Stopped by Jhonas Enroth with a rebound.
6:16 of 1st period - Snap shot by Wayne Primeau.
6:16 of 1st period - Shot Misses the Net.
7:02 of 1st period - Wrist shot by Wayne Primeau.
7:02 of 1st period - Shot Misses the Net.
7:28 of 1st period - Snap shot by Wayne Primeau.
7:28 of 1st period - Stopped by Jhonas Enroth with a rebound.
8:20 of 1st period - Slapshot by Kyle Quincey.
8:20 of 1st period - Stopped by Martin Biron with a rebound.
8:50 of 1st period - Derek Dorsett is hit by Andrew MacDonald and loses puck.
9:03 of 1st period - Snap shot by Alyn McCauley.
9:03 of 1st period - Shot Blocked by Derek Dorsett.
9:27 of 1st period - John Lammers is hit by Jakub Kindl and loses puck.
9:52 of 1st period - Slapshot by Wayne Primeau.
9:52 of 1st period - Stopped by Jhonas Enroth with a rebound.
9:54 of 1st period - Snap shot by Wayne Primeau.
9:54 of 1st period - Stopped by Jhonas Enroth without a rebound.
9:55 of 1st period - Ville Leino wins face-off versus Sam Gagner in Sewer Rats zone.
10:08 of 1st period - Slapshot by Ville Leino.
10:08 of 1st period - Deflect By Steven Reinprecht.
10:08 of 1st period - Shot Misses the Net.
10:08 of 1st period - Puck is out of play.
10:09 of 1st period - Brandon Sutter wins face-off versus Sam Gagner in Blackdemons zone.
10:12 of 1st period - Wrist shot by Nick Palmieri.
10:12 of 1st period - Shot Hit the Post.
10:39 of 1st period - Snap shot by Mark Mancari.
10:39 of 1st period - Stopped by Martin Biron with a rebound.
10:41 of 1st period - Wrist shot by Ville Leino.
10:41 of 1st period - Shot Misses the Net.
10:43 of 1st period - Wrist shot by Steven Reinprecht.
10:43 of 1st period - Deflect By Ville Leino.
10:43 of 1st period - Stopped by Martin Biron without a rebound.
10:44 of 1st period - Shawn Matthias wins face-off versus Mark Mancari in Blackdemons zone.
11:10 of 1st period - Mike Funk is hit by Michael Haley and loses puck.
11:35 of 1st period - Backhand shot by Jordan Caron.
11:35 of 1st period - Stopped by Martin Biron without a rebound.
11:36 of 1st period - Sam Gagner wins face-off versus Steven Reinprecht in Blackdemons zone.
11:46 of 1st period - Minor Penalty to Steven Reinprecht for Hooking.
11:47 of 1st period - Shawn Matthias wins face-off versus Brandon Sutter in Sewer Rats zone.
11:49 of 1st period - Snap shot by Enver Lisin.
11:49 of 1st period - Shot Misses the Net.
11:59 of 1st period - Slapshot by Enver Lisin.
11:59 of 1st period - Shot Misses the Net.
13:46 of 1st period - Penalty to Steven Reinprecht is over, Steven Reinprecht is back on ice.
13:59 of 1st period - Minor Penalty to Luca Caputi for Hooking.
14:00 of 1st period - Steven Reinprecht wins face-off versus Scott Timmins in Blackdemons zone.
15:59 of 1st period - Penalty to Luca Caputi is over, Luca Caputi is back on ice.
16:29 of 1st period - Wrist shot by Matt Hunwick.
16:29 of 1st period - Stopped by Jhonas Enroth without a rebound.
16:30 of 1st period - Jordan Caron wins face-off versus Steven Zalewski in Sewer Rats zone.
17:03 of 1st period - Chad Denny is hit by Mathieu Dandenault.
17:25 of 1st period - Wayne Primeau is hit by Chad Denny and loses puck.
17:48 of 1st period - Slapshot by Michael Kostka.
17:48 of 1st period - Shot Blocked by Kyle Quincey.
18:54 of 1st period - Andrew MacDonald is hit by Nick Palmieri and loses puck.
19:27 of 1st period - Slapshot by Matt Hunwick.
19:27 of 1st period - Stopped by Jhonas Enroth without a rebound.
19:28 of 1st period - Steven Reinprecht wins face-off versus Steven Zalewski in Sewer Rats zone.
19:28 of 1st period - Steven Reinprecht is hit by Steven Zalewski.
19:42 of 1st period - Nate Prosser is hit by Mark Mancari and loses puck.
19:57 of 1st period - Slapshot by Michael Kostka.
19:57 of 1st period - Stopped by Jhonas Enroth with a rebound.
19:59 of 1st period - Slapshot by Nate Prosser.
19:59 of 1st period - Stopped by Jhonas Enroth without a rebound.
Goals for this period are 0 for Sewer Rats vs 0 for Blackdemons.
Shots for this period are 6 for Sewer Rats vs 15 for Blackdemons.

2nd period


0:01 of 2nd period - Sam Gagner wins face-off versus Steven Reinprecht in neutral zone.
0:06 of 2nd period - Slapshot by Nate Prosser.
0:06 of 2nd period - Shot Blocked by Steven Kampfer.
0:08 of 2nd period - Snap shot by Michael Haley.
0:08 of 2nd period - Stopped by Jhonas Enroth with a rebound.
0:10 of 2nd period - Snap shot by Sam Gagner.
0:10 of 2nd period - Goal by Sam Gagner - Sewer Rats : 0 - Blackdemons : 1.
0:11 of 2nd period - Sam Gagner wins face-off versus Steven Reinprecht in neutral zone.
0:18 of 2nd period - Slapshot by Enver Lisin.
0:18 of 2nd period - Stopped by Jhonas Enroth without a rebound.
0:19 of 2nd period - Michael Haley wins face-off versus Steven Reinprecht in Sewer Rats zone.
1:30 of 2nd period - Snap shot by Sam Gagner.
1:30 of 2nd period - Stopped by Jhonas Enroth without a rebound.
1:31 of 2nd period - Sam Gagner wins face-off versus Kyle Turris in Sewer Rats zone.
1:32 of 2nd period - Slapshot by Enver Lisin.
1:32 of 2nd period - Stopped by Jhonas Enroth with a rebound.
1:38 of 2nd period - Brendon Nash is hit by Kyle Quincey and loses puck.
1:47 of 2nd period - Michael Haley is hit by Derek Dorsett.
2:03 of 2nd period - Slapshot by Steven Kampfer.
2:03 of 2nd period - Stopped by Martin Biron without a rebound.
2:04 of 2nd period - Steven Reinprecht wins face-off versus Shawn Matthias in Blackdemons zone.
2:11 of 2nd period - Wrist shot by Ville Leino.
2:11 of 2nd period - Stopped by Martin Biron with a rebound.
2:13 of 2nd period - Slapshot by Chad Denny.
2:13 of 2nd period - Deflect By Shawn Matthias.
2:13 of 2nd period - Stopped by Martin Biron without a rebound.
2:14 of 2nd period - Shawn Matthias wins face-off versus Steven Reinprecht in Blackdemons zone.
2:21 of 2nd period - Minor Penalty to Mathieu Dandenault for Tripping.
2:22 of 2nd period - Steven Reinprecht wins face-off versus Wayne Primeau in Blackdemons zone.
2:31 of 2nd period - Snap shot by Steven Reinprecht.
2:31 of 2nd period - Shot Misses the Net.
2:47 of 2nd period - Brandon Sutter is hit by Nate Prosser and loses puck.
2:54 of 2nd period - Mike Funk is hit by Nate Prosser and loses puck.
3:15 of 2nd period - Matt Hunwick is hit by Mark Mancari and loses puck.
3:58 of 2nd period - Chad Denny is hit by Nate Prosser and loses puck.
4:21 of 2nd period - Penalty to Mathieu Dandenault is over, Mathieu Dandenault is back on ice.
4:31 of 2nd period - Snap shot by Mathieu Dandenault.
4:31 of 2nd period - Shot Misses the Net.
4:33 of 2nd period - Wrist shot by Shawn Matthias.
4:33 of 2nd period - Stopped by Jhonas Enroth without a rebound.
4:34 of 2nd period - Lars Eller wins face-off versus Shawn Matthias in Sewer Rats zone.
4:34 of 2nd period - Lars Eller is hit by Mathieu Dandenault.
5:25 of 2nd period - Sam Gagner is hit by Chad Denny and loses puck.
5:32 of 2nd period - Snap shot by Mark Mancari.
5:32 of 2nd period - Deflect By Steven Reinprecht.
5:32 of 2nd period - Shot Blocked by Enver Lisin.
5:32 of 2nd period - Puck is out of play.
5:33 of 2nd period - Brandon Sutter wins face-off versus Shawn Matthias in Blackdemons zone.
6:00 of 2nd period - Wrist shot by Mark Mancari.
6:00 of 2nd period - Shot Misses the Net.
6:15 of 2nd period - Minor Penalty to Nate Prosser for Slashing.
6:16 of 2nd period - Wayne Primeau wins face-off versus Steven Reinprecht in Blackdemons zone.
6:27 of 2nd period - Snap shot by Steven Reinprecht.
6:27 of 2nd period - Shot Misses the Net.
6:29 of 2nd period - Slapshot by Steven Kampfer.
6:29 of 2nd period - Shot Blocked by Matt Hunwick.
6:54 of 2nd period - Enver Lisin is hit by Vojtech Polak and loses puck.
7:07 of 2nd period - Backhand shot by Brendon Nash.
7:07 of 2nd period - Stopped by Jhonas Enroth without a rebound.
7:08 of 2nd period - Mathieu Dandenault wins face-off versus Steven Reinprecht in Sewer Rats zone.
7:09 of 2nd period - Snap shot by Michael Kostka.
7:09 of 2nd period - Shot Blocked by Chad Denny.
7:33 of 2nd period - Slapshot by Nick Palmieri.
7:33 of 2nd period - Goal by Nick Palmieri - Sewer Rats : 1 - Blackdemons : 1.
7:34 of 2nd period - Sam Gagner wins face-off versus Steven Reinprecht in neutral zone.
7:39 of 2nd period - Slapshot by Enver Lisin.
7:39 of 2nd period - Shot Blocked by Ville Leino.
7:41 of 2nd period - Wrist shot by Sam Gagner.
7:41 of 2nd period - Stopped by Jhonas Enroth with a rebound.
8:12 of 2nd period - Mike Funk is hit by Michael Kostka and loses puck.
9:09 of 2nd period - Snap shot by Kyle Turris.
9:09 of 2nd period - Stopped by Martin Biron with a rebound.
9:11 of 2nd period - Backhand shot by Mattias Ekholm.
9:11 of 2nd period - Stopped by Martin Biron without a rebound.
9:12 of 2nd period - Sam Gagner wins face-off versus Brandon Sutter in Blackdemons zone.
9:21 of 2nd period - Slapshot by Brandon Sutter.
9:21 of 2nd period - Stopped by Martin Biron without a rebound.
9:22 of 2nd period - Sam Gagner wins face-off versus Steven Reinprecht in Blackdemons zone.
9:24 of 2nd period - Minor Penalty to Nate Prosser for Hooking.
9:25 of 2nd period - Wayne Primeau wins face-off versus Steven Reinprecht in Blackdemons zone.
9:35 of 2nd period - Slapshot by Kyle Quincey.
9:35 of 2nd period - Stopped by Martin Biron with a rebound.
9:37 of 2nd period - Slapshot by Steven Kampfer.
9:37 of 2nd period - Stopped by Martin Biron without a rebound.
9:38 of 2nd period - Steven Reinprecht wins face-off versus Wayne Primeau in Blackdemons zone.
10:03 of 2nd period - Snap shot by Vojtech Polak.
10:03 of 2nd period - Goal by Vojtech Polak - Sewer Rats : 2 - Blackdemons : 1.
10:04 of 2nd period - Sam Gagner wins face-off versus Steven Reinprecht in neutral zone.
10:17 of 2nd period - Wrist shot by Ville Leino.
10:17 of 2nd period - Shot Misses the Net.
10:29 of 2nd period - Kyle Quincey is hit by Shawn Matthias and loses puck.
10:38 of 2nd period - Wrist shot by Shawn Matthias.
10:38 of 2nd period - Shot Misses the Net.
10:54 of 2nd period - Slapshot by Brendon Nash.
10:54 of 2nd period - Shot Blocked by Chad Denny.
11:38 of 2nd period - Wrist shot by Kyle Turris.
11:38 of 2nd period - Stopped by Martin Biron without a rebound.
11:39 of 2nd period - Sam Gagner wins face-off versus Brandon Sutter in Blackdemons zone.
11:48 of 2nd period - Slapshot by Michael Kostka.
11:48 of 2nd period - Stopped by Jhonas Enroth with a rebound.
13:31 of 2nd period - Slapshot by Brendon Nash.
13:31 of 2nd period - Shot Blocked by Chad Denny.
13:33 of 2nd period - Snap shot by Shawn Matthias.
13:33 of 2nd period - Shot Misses the Net.
13:35 of 2nd period - Slapshot by Brendon Nash.
13:35 of 2nd period - Shot Blocked by Chad Denny.
13:37 of 2nd period - Snap shot by Matt Hunwick.
13:37 of 2nd period - Stopped by Jhonas Enroth without a rebound.
13:38 of 2nd period - Sam Gagner wins face-off versus Brandon Sutter in Sewer Rats zone.
13:39 of 2nd period - Slapshot by Enver Lisin.
13:39 of 2nd period - Stopped by Jhonas Enroth with a rebound.
13:41 of 2nd period - Slapshot by Enver Lisin.
13:41 of 2nd period - Stopped by Jhonas Enroth without a rebound.
13:42 of 2nd period - Sam Gagner wins face-off versus Brandon Sutter in Sewer Rats zone.
14:10 of 2nd period - Icing by Shawn Matthias.
14:11 of 2nd period - Shawn Matthias wins face-off versus Steven Reinprecht in Blackdemons zone.
14:25 of 2nd period - Snap shot by Mathieu Dandenault.
14:25 of 2nd period - Shot Blocked by Steven Reinprecht.
14:32 of 2nd period - Off-side.
14:33 of 2nd period - Brandon Sutter wins face-off versus Sam Gagner in neutral zone.
15:03 of 2nd period - Matt Hunwick is hit by Ville Leino and loses puck.
16:32 of 2nd period - Off-side.
16:33 of 2nd period - Steven Reinprecht wins face-off versus Shawn Matthias in neutral zone.
16:35 of 2nd period - Minor Penalty to Ville Leino for Hooking.
16:36 of 2nd period - Steven Reinprecht wins face-off versus Wayne Primeau in Sewer Rats zone.
16:36 of 2nd period - Steven Kampfer is hit by Wayne Primeau and loses puck.
16:43 of 2nd period - Minor Penalty to Michael Haley for Tripping.
16:44 of 2nd period - Steven Reinprecht wins face-off versus Wayne Primeau in Blackdemons zone.
16:47 of 2nd period - Snap shot by Steven Reinprecht.
16:47 of 2nd period - Shot Misses the Net.
16:49 of 2nd period - Snap shot by Derek Dorsett.
16:49 of 2nd period - Shot Misses the Net.
17:09 of 2nd period - Nate Prosser is hit by Steven Kampfer and loses puck.
17:30 of 2nd period - Snap shot by Derek Dorsett.
17:30 of 2nd period - Shot Blocked by Brendon Nash.
18:30 of 2nd period - Icing by Shawn Matthias.
18:31 of 2nd period - Shawn Matthias wins face-off versus Steven Reinprecht in Blackdemons zone.
18:35 of 2nd period - Penalty to Ville Leino is over, Ville Leino is back on ice.
18:40 of 2nd period - Snap shot by Steven Reinprecht.
18:40 of 2nd period - Shot Misses the Net.
18:43 of 2nd period - Penalty to Michael Haley is over, Michael Haley is back on ice.
18:52 of 2nd period - Wrist shot by Steven Zalewski.
18:52 of 2nd period - Shot Misses the Net.
18:54 of 2nd period - Slapshot by Jakub Kindl.
18:54 of 2nd period - Shot Blocked by Chad Denny.
18:54 of 2nd period - Chad Denny from Sewer Rats is injured at 18:54 of 2nd period (Sprained Right Knee).
18:55 of 2nd period - Sam Gagner wins face-off versus Ville Leino in Sewer Rats zone.
18:56 of 2nd period - Snap shot by Enver Lisin.
18:56 of 2nd period - Deflect By Michael Haley.
18:56 of 2nd period - Stopped by Jhonas Enroth without a rebound.
18:57 of 2nd period - Steven Reinprecht wins face-off versus Sam Gagner in Sewer Rats zone.
19:08 of 2nd period - Snap shot by Ville Leino.
19:08 of 2nd period - Stopped by Martin Biron with a rebound.
19:10 of 2nd period - Snap shot by Mark Mancari.
19:10 of 2nd period - Stopped by Martin Biron without a rebound.
19:11 of 2nd period - Brandon Sutter wins face-off versus Sam Gagner in Blackdemons zone.
19:16 of 2nd period - Snap shot by Nick Palmieri.
19:16 of 2nd period - Stopped by Martin Biron without a rebound.
19:17 of 2nd period - Enver Lisin wins face-off versus Brandon Sutter in Blackdemons zone.
19:26 of 2nd period - Brandon Sutter is hit by Michael Haley and loses puck.
19:45 of 2nd period - Snap shot by Ville Leino.
19:45 of 2nd period - Shot Blocked by Zach Boychuk.
19:49 of 2nd period - Backhand shot by Mark Mancari.
19:49 of 2nd period - Stopped by Martin Biron with a rebound.
19:59 of 2nd period - Minor Penalty to Nate Prosser for Boarding.
Goals for this period are 2 for Sewer Rats vs 1 for Blackdemons.
Shots for this period are 15 for Sewer Rats vs 13 for Blackdemons.

3rd period


0:01 of 3rd period - Steven Reinprecht wins face-off versus Wayne Primeau in neutral zone.
0:06 of 3rd period - Michael Kostka is hit by Steven Kampfer and loses puck.
1:42 of 3rd period - Ville Leino is hit by Brendon Nash and loses puck.
1:59 of 3rd period - Penalty to Nate Prosser is over, Nate Prosser is back on ice.
2:22 of 3rd period - Scott Timmins is hit by Derek Dorsett and loses puck.
2:35 of 3rd period - Snap shot by Lars Eller.
2:35 of 3rd period - Stopped by Martin Biron without a rebound.
2:36 of 3rd period - Shawn Matthias wins face-off versus Patrick Bordeleau in Blackdemons zone.
2:38 of 3rd period - Minor Penalty to Matt Hunwick for Interference.
2:39 of 3rd period - Brandon Sutter wins face-off versus Wayne Primeau in Blackdemons zone.
4:09 of 3rd period - Slapshot by Nate Prosser.
4:09 of 3rd period - Shot Blocked by Brandon Sutter.
4:26 of 3rd period - Wrist shot by Vojtech Polak.
4:26 of 3rd period - Shot Misses the Net.
4:28 of 3rd period - Wrist shot by Nick Palmieri.
4:28 of 3rd period - Stopped by Martin Biron with a rebound.
4:38 of 3rd period - Penalty to Matt Hunwick is over, Matt Hunwick is back on ice.
4:38 of 3rd period - Slapshot by Nick Palmieri.
4:38 of 3rd period - Stopped by Martin Biron without a rebound.
4:39 of 3rd period - Steven Reinprecht wins face-off versus Steven Zalewski in Blackdemons zone.
5:02 of 3rd period - John Lammers is hit by Zach Boychuk and loses puck.
5:23 of 3rd period - Michael Haley is hit by Patrick Bordeleau and loses puck.
5:44 of 3rd period - Alyn McCauley is hit by Mark Mancari and loses puck.
5:49 of 3rd period - Wrist shot by Ville Leino.
5:49 of 3rd period - Stopped by Martin Biron without a rebound.
5:50 of 3rd period - Shawn Matthias wins face-off versus Steven Reinprecht in Blackdemons zone.
6:01 of 3rd period - Snap shot by Zach Boychuk.
6:01 of 3rd period - Deflect By Steven Reinprecht.
6:01 of 3rd period - Stopped by Jhonas Enroth without a rebound.
6:02 of 3rd period - Sam Gagner wins face-off versus Steven Reinprecht in Sewer Rats zone.
6:12 of 3rd period - Off-side.
6:13 of 3rd period - Sam Gagner wins face-off versus Steven Reinprecht in neutral zone.
6:16 of 3rd period - Slapshot by Nate Prosser.
6:16 of 3rd period - Shot Blocked by Kyle Quincey.
6:47 of 3rd period - Backhand shot by Vojtech Polak.
6:47 of 3rd period - Shot Blocked by Brendon Nash.
6:57 of 3rd period - Wrist shot by Lars Eller.
6:57 of 3rd period - Stopped by Martin Biron with a rebound.
6:59 of 3rd period - Wrist shot by Patrick Bordeleau.
6:59 of 3rd period - Stopped by Martin Biron with a rebound.
7:01 of 3rd period - Slapshot by Mattias Ekholm.
7:01 of 3rd period - Deflect By Jordan Caron.
7:01 of 3rd period - Shot Blocked by Shawn Matthias.
7:01 of 3rd period - Puck is out of play.
7:02 of 3rd period - Patrick Bordeleau wins face-off versus Sam Gagner in Blackdemons zone.
7:05 of 3rd period - Snap shot by Lars Eller.
7:05 of 3rd period - Shot Misses the Net.
7:07 of 3rd period - Slapshot by Jordan Caron.
7:07 of 3rd period - Stopped by Martin Biron with a rebound.
7:09 of 3rd period - Snap shot by Mattias Ekholm.
7:09 of 3rd period - Shot Misses the Net.
7:11 of 3rd period - Slapshot by Mattias Ekholm.
7:11 of 3rd period - Deflect By Michael Haley.
7:11 of 3rd period - Stopped by Martin Biron with a rebound.
7:13 of 3rd period - Slapshot by Mattias Ekholm.
7:13 of 3rd period - Stopped by Martin Biron with a rebound.
7:15 of 3rd period - Slapshot by Mattias Ekholm.
7:15 of 3rd period - Shot Misses the Net.
7:17 of 3rd period - Wrist shot by Jordan Caron.
7:17 of 3rd period - Shot Blocked by Sam Gagner.
9:37 of 3rd period - Minor Penalty to Lars Eller for Hooking.
9:38 of 3rd period - Steven Reinprecht wins face-off versus Wayne Primeau in Sewer Rats zone.
9:46 of 3rd period - Slapshot by Brendon Nash.
9:46 of 3rd period - Shot Blocked by Kyle Quincey.
10:40 of 3rd period - Snap shot by John Lammers.
10:40 of 3rd period - Deflect By Vojtech Polak.
10:40 of 3rd period - Shot Misses the Net.
10:40 of 3rd period - Puck is out of play.
10:41 of 3rd period - John Lammers wins face-off versus Wayne Primeau in Blackdemons zone.
10:47 of 3rd period - Icing by Michael Kostka.
10:48 of 3rd period - Enver Lisin wins face-off versus Steven Reinprecht in Blackdemons zone.
10:57 of 3rd period - Off-side.
10:58 of 3rd period - Steven Reinprecht wins face-off versus Wayne Primeau in neutral zone.
11:29 of 3rd period - Slapshot by Nate Prosser.
11:29 of 3rd period - Deflect By Alyn McCauley.
11:29 of 3rd period - Shot Misses the Net.
11:29 of 3rd period - Puck is out of play.
11:30 of 3rd period - Mark Mancari wins face-off versus Wayne Primeau in Sewer Rats zone.
11:30 of 3rd period - Mark Mancari is hit by Brendon Nash.
11:37 of 3rd period - Penalty to Lars Eller is over, Lars Eller is back on ice.
11:44 of 3rd period - Slapshot by Matt Hunwick.
11:44 of 3rd period - Stopped by Jhonas Enroth with a rebound.
11:46 of 3rd period - Slapshot by Brendon Nash.
11:46 of 3rd period - Shot Blocked by Ville Leino.
12:17 of 3rd period - Off-side.
12:18 of 3rd period - Steven Zalewski wins face-off versus Kyle Turris in neutral zone.
12:21 of 3rd period - Snap shot by Luca Caputi.
12:21 of 3rd period - Shot Blocked by Mike Funk.
13:48 of 3rd period - Wrist shot by Steven Zalewski.
13:48 of 3rd period - Stopped by Jhonas Enroth without a rebound.
13:49 of 3rd period - Enver Lisin wins face-off versus Kyle Turris in Sewer Rats zone.
14:19 of 3rd period - Wrist shot by Sam Gagner.
14:19 of 3rd period - Shot Blocked by Mike Funk.
14:21 of 3rd period - Slapshot by Enver Lisin.
14:21 of 3rd period - Stopped by Jhonas Enroth without a rebound.
14:22 of 3rd period - Shawn Matthias wins face-off versus Steven Reinprecht in Sewer Rats zone.
14:56 of 3rd period - Snap shot by Vojtech Polak.
14:56 of 3rd period - Goal by Vojtech Polak - Sewer Rats : 3 - Blackdemons : 1.
14:57 of 3rd period - Steven Reinprecht wins face-off versus Sam Gagner in neutral zone.
15:00 of 3rd period - Sam Gagner is hit by Kyle Quincey and loses puck.
15:26 of 3rd period - Off-side.
15:27 of 3rd period - Brandon Sutter wins face-off versus Wayne Primeau in neutral zone.
16:15 of 3rd period - Snap shot by Brendon Nash.
16:15 of 3rd period - Stopped by Jhonas Enroth with a rebound.
16:23 of 3rd period - Mike Funk is hit by Zach Boychuk and loses puck.
16:58 of 3rd period - Snap shot by John Lammers.
16:58 of 3rd period - Stopped by Martin Biron with a rebound.
17:25 of 3rd period - Michael Haley is hit by Patrick Bordeleau and loses puck.
17:32 of 3rd period - Lars Eller is hit by Michael Haley.
18:16 of 3rd period - Backhand shot by Wayne Primeau.
18:16 of 3rd period - Shot Misses the Net.
18:18 of 3rd period - Wrist shot by Matt Calvert.
18:18 of 3rd period - Shot Misses the Net.
18:20 of 3rd period - Wrist shot by Matt Calvert.
18:20 of 3rd period - Stopped by Jhonas Enroth with a rebound.
18:48 of 3rd period - Wrist shot by Patrick Bordeleau.
18:48 of 3rd period - Stopped by Martin Biron with a rebound.
18:56 of 3rd period - Snap shot by Lars Eller.
18:56 of 3rd period - Shot Misses the Net.
18:58 of 3rd period - Wrist shot by Lars Eller.
18:58 of 3rd period - Shot Misses the Net.
19:15 of 3rd period - Minor Penalty to Nate Prosser for Hooking.
19:16 of 3rd period - Wayne Primeau wins face-off versus Steven Reinprecht in Blackdemons zone.
19:29 of 3rd period - Wrist shot by Enver Lisin.
19:29 of 3rd period - Shot Misses the Net.
19:46 of 3rd period - Alyn McCauley is hit by Ville Leino and loses puck.
19:51 of 3rd period - Snap shot by Ville Leino.
19:51 of 3rd period - Shot Misses the Net.
19:53 of 3rd period - Slapshot by Kyle Quincey.
19:53 of 3rd period - Stopped by Martin Biron with a rebound.
Goals for this period are 1 for Sewer Rats vs 0 for Blackdemons.
Shots for this period are 13 for Sewer Rats vs 6 for Blackdemons.


Output by the SimonT Hockey Simulator (STHS) for François Prévost -- Original Page W3C XHTML 1.0 Valid
Hockey Simulator - Hockey Simulation - Hockey Manager